 Dungeon Crawl Stone Soup version 0.19-a0-1861-g35def1e (webtiles) character file.

286 Amnesiac the Covert (level 6, -1/34 HPs)
             Began as a Deep Elf Assassin on Oct 12, 2016.
             Killed from afar by Dowan (21 damage)
             ... with a shard of ice
             ... on level 4 of the Dungeon.
             The game lasted 00:03:02 (1240 turns).

Amnesiac the Covert (Deep Elf Assassin)             Turns: 1240, Time: 00:03:03

Health: -1/34      AC:  3    Str:  8    XL:     6   Next: 8%
Magic:  8/8        EV: 12    Int: 16    God:
Gold:   10         SH:  0    Dex: 18    Spells: 0 memorised, 5 levels left

rFire  . . .     SeeInvis .     e - +0 blowgun
rCold  . . .     Gourm    .     c - +0 robe
rNeg   . . .     Faith    .     (no shield)
rPois  .         Spirit   .     (no helmet)
rElec  .         Dismiss  .     d - +0 cloak
rCorr  .         Reflect  .     (no gloves)
MR     .....     Harm     .     (no boots)
Stlth  ++++......               (no amulet)
                                (no ring)
                                (no ring)

@: no status effects
A: no striking features
a: no special abilities


You were on level 4 of the Dungeon.
You were not hungry.

You visited 1 branch of the dungeon, and saw 4 of its levels.

You collected 10 gold pieces.

Inventory:

Hand Weapons
 e - a +0 blowgun (weapon)
 w - a +2 dagger
Missiles
 b - 4 poisoned needles (quivered)
Armour
 c - a +0 robe (worn)
 d - a +0 cloak (worn)
Scrolls
 a - a scroll of immolation {unknown}
 i - a scroll of noise {unknown}
 j - a scroll of magic mapping {unknown}
Potions
 k - 2 potions of haste
Comestibles
 g - 2 bread rations
 h - a chunk of flesh


   Skills:
 - Level 1.5 Fighting
 + Level 3.9 Short Blades
 - Level 2.0 Throwing
 - Level 1.2 Dodging
 * Level 8.3 Stealth


You had 5 spell levels left.
You didn't know any spells.

Dungeon Overview and Level Annotations

Branches:
Dungeon (4/15)
 Temple: D:4-7

Altars:

Annotations:
D:3 Amnesiac's ghost, amateur DEAs
D:4 Dowan


Message History

Your Stealth skill increases to level 8!
You have reached level 6!
Your experience leads to an increase in your attributes!
Increase (S)trength, (I)ntelligence, or (D)exterity?
You feel agile.
You feel a bit more experienced.
b - 4 poisoned needles (gained 1)
Things that are here:
3 poisoned needles; a curare-tipped needle Firing (i - inventory. (,) - cycle):
f - a curare-tipped needle (quivered)
Press: ? - help, Shift-Dir - straight line, f/p - Dowan
Aim: Dowan, wielding a dagger and wearing a robe (lightly wounded)
You shoot a curare-tipped needle. The curare-tipped needle hits Dowan.
Dowan is poisoned.
Dowan convulses.
Dowan seems to slow down.
Dowan is moderately wounded.
Dowan seems to find hidden reserves of power!
Dowan casts a spell at you. The shard of ice hits you!
Ouch! That really hurt!
You die...

#####.##.#.#.## #
#....)..# #
.....#.#####
#.....(.#
#.#.###e# ##
#....##.#
.#########..#.##.#
.##>....##....##(#
.##.....##.##e##@#
........##.......#
.##.....#####.>.##
.##.....# ###.#
######### #.#
##### #.# ....#
#.# .>..#### #.#
.......# #.#


You could see Dowan.

Vanquished Creatures
  Duvessa (D:4)
  An ogre (D:4)
  A hound (D:4)
  A worker ant (D:4)
  A worker ant zombie (D:4)
  2 adders
  An orc (D:4)
  2 giant cockroaches (D:1)
  A goblin (D:3)
  2 hobgoblins (D:1)
  2 jackals (D:1)
  A kobold (D:1)
  A quokka (D:4)
  4 bats
  A frilled lizard (D:1)
  2 rats
24 creatures vanquished.

Notes
Turn   | Place    | Note
-------+----------+-------------------------------------------
     0 | D:1      | Amnesiac the Deep Elf Assassin began the quest for the Orb.
     0 | D:1      | Reached XP level 1. HP: 12/12 MP: 3/3
    25 | D:1      | Reached skill level 5 in Stealth
    67 | D:1      | Reached XP level 2. HP: 8/16 MP: 4/4
   424 | D:3      | Noticed Amnesiac's ghost (amateur DEAs)
   776 | D:4      | Noticed an ogre
   791 | D:4      | Killed an ogre
   791 | D:4      | Reached skill level 6 in Stealth
   791 | D:4      | Reached XP level 3. HP: 20/20 MP: 5/5
   791 | D:4      | Reached XP level 4. HP: 25/25 MP: 6/6
   851 | D:4      | Reached skill level 7 in Stealth
   851 | D:4      | Reached XP level 5. HP: 2/29 MP: 7/7
  1201 | D:4      | Noticed Duvessa
  1207 | D:4      | Noticed Dowan
  1234 | D:4      | Killed Duvessa
  1234 | D:4      | Reached skill level 8 in Stealth
  1234 | D:4      | Reached XP level 6. HP: 20/34 MP: 8/8
  1240 | D:4      | Killed from afar by Dowan

Vault maps used:
D:1:      lightli_arrival_statuegarden
D:3:      first_bread
D:4:      moated_statue, corexii_leaking_fountain, nicolae_elemental_shop,
          uniq_duvessa

Skill      XL: |  1  2  3  4  5 |
---------------+----------------+-----
Stealth        | 5 6 7 8 |  8.3
Short Blades   | 3 |  3.9
Fighting       | |  1.5
Throwing       | |  2.0
Dodging        | |  1.2

Action                   |  1- 3 |  4- 6 || total
-------------------------+-------+-------++-------
Melee: Dagger            |    39 |    35 ||    74
 Fire: Blowgun           |    14 |     8 ||    22
  Use: Potion            |     1 |       ||     1
 Stab: Sleeping          |     5 |     4 ||     9
  Eat: Chunk             |       |     1 ||     1
Armor: Robe              |    14 |     8 ||    22
Dodge: Dodged            |    25 |    23 ||    48
